Map: Prion Terraces

Players

MorN

  • Race: Terran Terran
  • League: Master

Rare - Winner!

  • Race: Zerg Zerg
  • League: Diamond

VOD

Have the link to the VOD?

Description

Time

  • Played on: Nov. 18, 2015, 5:37 p.m.
  • Length: 17:53
Show
View Real Time Build Order
Export as new Build Order

MorN Terran 

Build Orders: Liberator Opening, Reaper Expand, MMM Bio 

Get SALT Encoding   

  12  0:00  SCV  
  13  0:12  SCV  
  14  0:17  Supply Depot  
  14  0:25  SCV  
  15  0:38  SCV  
  15  0:40  Barracks  
  16  0:44  Refinery  
  16  0:51  SCV  
  17  1:03  SCV  
  18  1:15  SCV  
  19  1:27  Reaper  
  19  1:28  Orbital Command  
  20  1:39  Command Center  
  20  1:49  Supply Depot  
  20  1:55  SCV  
  20  1:59  Reaper  
  22  2:07  SCV  
  23  2:19  SCV  
  24  2:23  Factory  
  24  2:42  SCV, Barracks Reactor  
  25  2:46  Command Center  
  25  2:54  SCV  
  25  2:57  Orbital Command  
  26  3:04  Refinery  
  26  3:06  SCV  
  27  3:18  SCV  
  28  3:25  Starport  
  28  3:30  SCV x2  
  28  3:33  Hellion x2  
  28  3:34  Barracks Tech Lab  
  34  3:42  SCV x2  
  33  3:48  Supply Depot, Liberator  
  36  3:54  SCV x2, Hellion  
  36  3:55  Hellion  
  42  4:06  SCV  
  42  4:07  Orbital Command  
  42  4:08  SCV  
  47  4:11  Marine  
  48  4:18  SCV  
  48  4:19  Hellion x2  
  53  4:27  SCV  
  53  4:29  Marauder  
  53  4:30  SCV  
  53  4:31  Supply Depot  
  57  4:38  SCV  
  58  4:41  Liberator  
  58  4:46  Engineering Bay  
  58  4:47  Refinery  
  58  4:48  Refinery, Engineering Bay  
  57  4:53  SCV  
  57  4:54  SCV  
  61  5:01  Stimpack  
  61  5:05  SCV, Factory Reactor  
  61  5:06  SCV, Barracks  
  63  5:08  Barracks  
  63  5:10  SCV  
  64  5:17  Supply Depot  
  64  5:21  SCV x2  
  64  5:23  Supply Depot  
  64  5:24  Terran Infantry Weapons Level 1  
  64  5:25  Terran Infantry Armor Level 1  
  66  5:32  Missile Turret  
  66  5:40  SCV x2  
  68  5:44  Missile Turret  
  68  5:45  Starport Reactor  
  68  5:48  SCV  
  69  5:52  SCV  
  67  5:59  Missile Turret, Marine x3  
  67  6:03  SCV, Bunker  
  67  6:04  Factory Reactor  
  71  6:05  Supply Depot  
  71  6:07  Marine x2  
  71  6:09  Missile Turret  
  73  6:16  SCV, Marine  
  73  6:17  Barracks, Marine x2  
  77  6:18  Supply Depot  
  77  6:19  Barracks  
  77  6:24  SCV  
  77  6:25  Marine x2  
  80  6:27  Medivac x2  
  84  6:33  Orbital Command  
  84  6:34  Marine x2  
  84  6:35  Marine  
  85  6:43  Marine x2  
  85  6:52  Marine x2  
  79  6:55  Marine  
  79  6:57  Supply Depot  
  79  6:58  Medivac x2  
  79  6:59  Armory  
  79  7:00  Marine  
  79  7:01  Marine  
  86  7:03  Supply Depot  
  86  7:10  Marine x2  
  86  7:12  SCV  
  86  7:13  SCV  
  86  7:15  Missile Turret  
  90  7:16  Widow Mine x2  
  90  7:19  SCV  
  90  7:20  Supply Depot  
  90  7:21  Combat Shields  
  96  7:23  Barracks Reactor  
  96  7:24  Barracks Reactor, SCV  
  96  7:25  SCV  
  97  7:30  Medivac x2  
  97  7:31  SCV  
  97  7:33  Refinery  
  97  7:35  Refinery  
  97  7:36  Marine x4  
  97  7:37  SCV x2, Marine  
  106  7:38  Supply Depot  
  110  7:47  Bunker  
  110  7:48  Terran Infantry Weapons Level 2  
  110  7:49  SCV x2  
  110  7:51  Terran Infantry Armor Level 2  
  111  7:52  SCV  
  111  7:54  Marine x4  
  116  7:59  Marine x3  
  116  8:01  SCV  
  116  8:02  Marine, Medivac x2  
  116  8:03  Marine  
  126  8:06  SCV x2  
  126  8:07  Widow Mine x2  
  126  8:12  Marine  
  133  8:17  Marauder  
  133  8:22  Marine x7  
  140  8:27  Factory, Barracks  
  140  8:28  Barracks  
  133  8:36  Marine  
  133  8:38  Marine  
  133  8:39  Marine  
  133  8:40  Marine  
  134  8:45  Barracks  
  134  8:47  Marine x5  
  139  8:56  Marine x2  
  139  8:57  Command Center  
  139  9:00  Supply Depot x2  
  141  9:16  Barracks Tech Lab  
  141  9:17  Barracks Tech Lab  
  141  9:18  Factory Tech Lab, Marine  
  141  9:19  Marine  
  141  9:21  Widow Mine x2, Medivac x2, Marine x6  
  141  9:22  Supply Depot  
  141  9:24  Supply Depot  
  147  9:29  Marauder  
  149  9:32  Supply Depot x2  
  149  9:35  Terran Vehicle Weapons Level 1  
  149  9:36  Marine  
  150  9:38  Drilling Claws  
  150  9:39  Barracks Reactor  
  150  9:43  Marauder, Marine x4  
  150  9:44  Marine x3, Marauder  
  161  9:50  Marine  
  168  9:54  Marine  
  169  10:07  Marine  
  169  10:08  Marine  
  169  10:11  Factory  
  171  10:20  Marine  
  171  10:21  Marine  
  167  10:30  Starport  
  167  10:34  Marine x2  
  169  10:36  Starport  
  169  10:45  Marine x4  
  160  10:51  Marine x3  
  160  10:53  Marine x3  
  160  10:54  Widow Mine, Marauder  
  163  10:58  Factory Reactor  
  163  11:02  Marine x2  
  163  11:03  Marine x2  
  167  11:09  Marauder  
  165  11:13  Marine x2  
  165  11:15  Starport Reactor  
  165  11:16  Starport Reactor  
  165  11:23  Planetary Fortress, Thor  
  167  11:35  Marine x5  
  167  11:36  Marauder x3  
  132  11:41  Marine x2  
  132  11:44  Marine  
  132  11:46  Widow Mine  
  132  11:47  Widow Mine  
  135  11:52  Supply Depot  
  135  11:53  Marine  
  140  11:55  Terran Infantry Weapons Level 3, Terran Infantry Armor Level 3  
  140  11:56  Marine x2  
  140  11:57  Marauder  
  140  11:58  Marauder  
  146  12:04  Medivac x2  
  146  12:05  Marine  
  146  12:06  Thor, Marauder, Marine x2  
  163  12:12  Missile Turret  
  163  12:13  Missile Turret  
  158  12:15  Missile Turret  
  158  12:21  Marine x4  
  163  12:29  Marine x5  
  167  12:30  Marauder  
  167  12:33  Starport Reactor  
  152  12:39  Marine x2  
  152  12:43  Barracks Reactor x2  
  150  12:47  Barracks Reactor, Marauder  
  150  12:50  Marine x3  
  157  12:51  Marauder  
  157  12:57  Medivac x2  
  161  13:03  Marine x3  
  164  13:09  Marauder  
  164  13:10  Marine  
  164  13:12  Terran Vehicle Weapons Level 2, Marauder  
  169  13:15  Medivac x2  
  173  13:21  Marine x2  
  175  13:27  Medivac x2  
  175  13:30  Marauder  
  175  13:33  Marine  
  184  13:34  Command Center, Marauder  
  184  13:35  Refinery  
  184  13:36  Refinery, Marine  
  185  13:43  Marine x2  
  185  13:47  Marine  
  185  13:48  Marine x2  
  190  13:51  Missile Turret  
  190  13:52  Marauder  
  190  13:55  Missile Turret  
  192  13:57  Medivac  
  194  14:08  Marine x2  
  194  14:09  Marauder  
  181  14:13  Marine x2  
  181  14:14  Marine x3  
  181  14:15  Marauder  
  188  14:30  Marauder  
  190  14:36  Marauder  
  182  14:42  Ghost Academy  
  182  14:45  Barracks Tech Lab  
  182  14:46  Barracks Tech Lab  
  182  14:51  Marauder  
  179  14:54  Marine x3  
  179  14:58  Marauder  
  183  15:06  Marauder, Marine x2  
  183  15:07  Marauder  
  188  15:13  Marauder  
  190  15:19  Marauder  
  192  15:28  Marauder  
  190  15:34  Marauder  
  190  15:35  Marine x3  
  192  15:36  Marauder  
  192  15:37  Missile Turret x3  
  192  15:38  Marine x2  
  192  15:39  Marine  
  192  15:40  Medivac  
  192  15:47  Marine  
  192  15:49  Marine  
  194  15:53  Marine  
  187  15:57  Marine x2  
  187  15:58  Marauder  
  187  16:01  Planetary Fortress, Liberator x3  
  189  16:06  Hi-Sec Auto Tracking  
  189  16:17  Marine  
  199  16:22  Marine  
  199  16:23  Barracks Tech Lab x2  
  197  16:45  Marine x2  
  185  17:04  Thor, Missile Turret x3, Widow Mine  
  185  17:05  Missile Turret  
  185  17:07  Missile Turret  
  187  17:09  Missile Turret  
  187  17:10  Missile Turret  
  187  17:21  Marine x2  
  187  17:22  Marauder  
  191  17:26  SCV  
  191  17:28  Marine  
Show
View Real Time Build Order
Export as new Build Order

Rare Zerg - Winner!

Build Orders: Hatch First, Muta Ling Bane 

Get SALT Encoding   

  12  0:01  Drone  
  13  0:09  Drone  
  14  0:26  Overlord  
  14  0:28  Drone, Extractor  
  13  0:29  Drone, Extractor  
  16  0:45  Drone  
  16  0:49  Drone  
  18  0:58  Hatchery  
  18  1:03  Drone  
  18  1:07  Extractor  
  17  1:16  Spawning Pool  
  17  1:18  Drone  
  17  1:22  Drone  
  18  1:34  Drone  
  19  1:52  Drone  
  19  1:53  Drone  
  21  2:04  Zergling x2  
  22  2:09  Queen x2  
  22  2:10  Metabolic Boost  
  22  2:12  Overlord  
  22  2:14  Drone  
  27  2:21  Drone  
  28  2:33  Extractor  
  27  2:37  Drone x2  
  27  2:38  Drone  
  27  2:43  Overlord  
  30  2:45  Queen  
  30  2:46  Drone  
  33  2:52  Lair  
  32  3:03  Drone  
  32  3:04  Drone  
  34  3:06  Drone  
  35  3:14  Drone  
  36  3:22  Drone x2, Extractor  
  36  3:23  Drone  
  36  3:25  Drone x2  
  36  3:26  Drone  
  41  3:28  Overlord, Drone  
  42  3:34  Extractor  
  42  3:35  Drone x2  
  42  3:37  Extractor  
  42  3:40  Overlord  
  42  3:48  Drone x2  
  44  3:56  Spire  
  44  4:02  Drone x2  
  44  4:05  Drone  
  44  4:06  Drone x2  
  47  4:14  Drone x2  
  49  4:18  Overlord  
  49  4:19  Zergling x4  
  51  4:25  Overseer  
  51  4:41  Zergling x10  
  51  4:42  Hatchery, Zergling x4  
  57  4:51  Drone  
  58  5:01  Overlord  
  58  5:02  Drone  
  59  5:15  Mutalisk x4  
  59  5:20  Mutalisk x3  
  73  5:25  Mutalisk  
  75  5:47  Overlord  
  75  5:56  Overlord  
  75  5:59  Drone  
  75  6:03  Drone  
  77  6:04  Drone  
  77  6:05  Drone x2  
  77  6:08  Extractor  
  77  6:09  Extractor  
  78  6:16  Drone  
  78  6:17  Drone x7  
  86  6:19  Hatchery  
  86  6:20  Baneling Nest  
  86  6:21  Pneumatized Carapace  
  86  6:22  Evolution Chamber x2, Zerg Flyer Weapons Level 1  
  86  6:24  Drone  
  83  6:32  Drone x4  
  87  6:34  Drone  
  88  6:42  Overlord  
  88  6:48  Zerg Ground Armor Level 1  
  88  6:49  Zerg Melee Weapons Level 1  
  88  7:02  Drone x4  
  88  7:08  Overlord  
  92  7:14  Centrifical Hooks  
  92  7:17  Drone x3  
  92  7:18  Drone  
  96  7:23  Overlord  
  96  7:24  Queen  
  96  7:25  Overlord  
  99  7:30  Hatchery, Zergling x12  
  99  7:32  Baneling  
  99  7:33  Baneling x15  
  99  7:35  Overseer  
  103  7:37  Queen  
  105  7:48  Mutalisk x2  
  105  7:49  Mutalisk x2  
  113  7:51  Zergling x2  
  113  7:52  Zergling x12  
  120  7:59  Drone x2  
  120  8:01  Zergling x2  
  123  8:09  Drone x3  
  123  8:10  Drone x2  
  128  8:14  Overlord x2  
  128  8:17  Queen  
  114  8:43  Zerg Ground Armor Level 2, Zerg Flyer Weapons Level 2  
  114  8:44  Zerg Melee Weapons Level 2  
  114  8:45  Overlord  
  114  8:47  Extractor  
  114  8:48  Drone x4  
  116  8:49  Drone x2, Extractor  
  116  8:53  Queen  
  116  8:54  Drone x2  
  122  8:56  Drone  
  122  9:01  Mutalisk  
  122  9:02  Mutalisk x6  
  135  9:05  Zergling x18  
  135  9:06  Zergling x4  
  148  9:13  Queen  
  148  9:16  Hatchery  
  137  9:25  Drone x5  
  142  9:33  Drone x3  
  142  9:34  Zergling x2  
  142  9:35  Zergling x20  
  156  9:44  Zergling x2  
  156  9:45  Zergling x2  
  158  9:46  Overlord x2  
  158  9:51  Overlord, Infestation Pit  
  157  9:55  Overlord  
  157  10:02  Zergling x2  
  157  10:04  Overlord  
  157  10:06  Overlord  
  158  10:07  Overlord  
  158  10:28  Overlord  
  158  10:32  Zergling x22  
  158  10:33  Zergling x10  
  172  10:38  Hive  
  172  10:39  Extractor  
  172  10:40  Extractor  
  165  10:53  Zergling x2  
  165  10:54  Zergling x24  
  165  10:55  Zergling x6  
  179  10:57  Baneling  
  179  10:58  Baneling x10  
  179  10:59  Baneling x12  
  179  11:02  Overseer  
  173  11:11  Zergling x2  
  173  11:12  Zergling x24  
  173  11:15  Queen  
  153  11:40  Drone  
  153  11:41  Drone x3  
  157  11:48  Drone x6  
  157  11:49  Drone x3  
  157  11:54  Adrenal Glands  
  166  11:57  Infestation Pit  
  166  11:59  Ultralisk Cavern  
  165  12:04  Baneling x2  
  165  12:05  Baneling x17  
  165  12:06  Overlord  
  165  12:22  Overlord  
  162  12:23  Zergling x10  
  162  12:24  Zergling x36  
  177  12:36  Zerg Ground Armor Level 3, Zerg Melee Weapons Level 3  
  170  13:07  Mutalisk  
  170  13:08  Mutalisk x11  
  170  13:11  Overlord  
  170  13:12  Zerg Flyer Weapons Level 3  
  194  13:13  Overlord  
  194  13:14  Chitinous Plating  
  194  13:18  Spore Crawler  
  193  13:22  Overlord  
  193  13:23  Ultralisk, Hatchery  
  198  13:36  Overseer  
  198  13:47  Extractor  
  197  13:53  Extractor  
  181  14:09  Ultralisk  
  162  14:10  Ultralisk x6  
  195  14:20  Baneling x5  
  195  14:35  Ultralisk  
  200  14:43  Overseer  
  194  14:52  Hatchery  
  191  15:17  Overlord  
  171  15:51  Mutalisk x5  
  180  16:05  Overlord  
  180  16:10  Overlord  
  180  16:12  Zergling x2  
  180  16:13  Zergling x38  
  179  16:50  Ultralisk x3  
  188  17:17  Overlord  
  188  17:23  Extractor x2  
Tags
 
Add a new tag
Caveats
  • Supply blocks, unpowered buildings, or Contaminate may cause inaccurate times.
  • Supply counts are checked every 10 seconds.